 Dungeon Crawl Stone Soup version 0.27-a0-242-ge0fc76b88b (webtiles) character file.

Game seed: 8586589836114729431

40 tsouns the Skirmisher (level 3, -1/34 HPs)
             Began as a Hill Orc Delver on Feb 2, 2021.
             Was an Initiate of Beogh.
             Slain by an iguana (6 damage)
             ... on level 4 of the Dungeon.
             The game lasted 00:01:29 (444 turns).

tsouns the Skirmisher (Hill Orc Delver)              Turns: 444, Time: 00:01:29

Health: -1/34      AC:  3    Str: 15    XL:     3   Next: 50%
Magic:  3/3        EV: 11    Int: 10    God:    Beogh [......]
Gold:   19         SH:  0    Dex: 12    Spells: 2/2 levels left

rFire    . . .     SeeInvis .   a - +0 hand axe
rCold    . . .     Faith    .   (no shield)
rNeg     . . .     Spirit   .   b - +0 leather armour
rPois    .         Reflect  .   (no helmet)
rElec    .         Harm     .   (no cloak)
rCorr    .         Rampage  .   (no gloves)
Will     .....                  (no boots)
Stlth    ++........             (no amulet)
HPRegen  0.11/turn              (no ring)
MPRegen  0.08/turn              (no ring)

@: no status effects
A: no striking features
a: Renounce Religion


You were on level 4 of the Dungeon.
You worshipped Beogh.
Beogh was noncommittal.
You visited 1 branch of the dungeon, and saw 2 of its levels.

You collected 19 gold pieces.

Inventory:

Hand Weapons
 a - a +0 hand axe (weapon)
Armour
 b - a +0 leather armour (worn)
Wands
 g - a wand of digging (3)
Scrolls
 c - a scroll of fog
 d - a scroll of magic mapping
 e - a scroll of fear
 h - a scroll of enchant armour {unknown}
Potions
 f - a potion of haste


   Skills:
 + Level 4.5 Fighting
 + Level 4.0 Axes
 - Level 1.5 Dodging
 - Level 4.1 Stealth


You had 2 spell levels left.
You didn't know any spells.
Your spell library was empty.

Dungeon Overview and Level Annotations

Branches:
Dungeon (5/15)
 Temple: D:4-7

Altars:

Shops:
D:4 *


Message History

You hit the iguana.
The iguana is heavily wounded.
The iguana closely misses you.
You hit the iguana but do no damage.
The iguana is heavily wounded.
The iguana bites you.
You hit the iguana but do no damage.
The iguana is heavily wounded.
The iguana barely misses you.
You completely miss the iguana.
The iguana is heavily wounded.
The iguana bites you!
* * * LOW HITPOINT WARNING * * *
You hit the iguana but do no damage.
The iguana is heavily wounded.
The iguana barely misses you.
Really walk into that dispersal trap?
You enter a dispersal trap!
The iguana blinks! x2; You blink.
The iguana bites you.
You die...

##########
#^.......#
#........#
#(.§.....#########
#.l...........)..#
#.@..............+
#.........†......#
#§...............+
#................#
######...........#
#######.###.# #.#
#.# ###.###.##
..........


You could see an iguana.

Vanquished Creatures
  A howler monkey (D:4)
  An orc (D:5)
  A giant cockroach (D:4)
  A quokka (D:5)
4 creatures vanquished.

Vanquished Creatures (others)
  An orc priest (D:5)
  2 orcs (D:5)
  A jackal zombie (D:5)
4 creatures vanquished.

Grand Total: 8 creatures vanquished

Notes
Turn   | Place    | Note
-------+----------+-------------------------------------------
     0 | D:5      | tsouns the Hill Orc Delver began the quest for the Orb.
     0 | D:5      | Reached XP level 1. HP: 19/19 MP: 1/1
    51 | D:5      | Noticed an orc priest
    53 | D:5      | Became a worshipper of Beogh the Brigand
   110 | D:5      | Killed an orc priest
   312 | D:5      | Noticed a centaur
   370 | D:4      | Found Mugecs's General Store.
   370 | D:4      | Noticed a phantom
   409 | D:4      | Noticed a howler monkey
   422 | D:4      | Killed a howler monkey
   423 | D:4      | Reached XP level 2. HP: 18/28 MP: 2/2
   423 | D:4      | Reached XP level 3. HP: 22/34 MP: 3/3
   444 | D:4      | Slain by an iguana

Illustrated notes

Levels and vault maps discovered:
D:4:      layout_basic, serial_shops, shop, uniq_eustachio
D:5:      layout_rooms

Skill      XL: |  1 |
---------------+----+-----
Axes           | 4 |  4.0
Fighting       | 4 |  4.5
Dodging        | |  1.5
Stealth        | |  4.1

Action                   || total
-------------------------++-------
Melee: Hand axe          ||    40
Invok: Convert to Beogh  ||     1
Armor: Leather armour    ||     8
Dodge: Dodged            ||    21

Table legend: (Time is in decaauts)
 A = Elapsed time spent in this place.
 B = Non-inter-level travel time spent in this place.
 C = Inter-level travel time spent in this place.
 D = Time resting spent in this place.
 E = Time spent auto-exploring this place.
 F = Levels seen in this place.
 G = Mean time per level.
                   A        B        C        D        E       F      G
               +--------+--------+--------+--------+--------+-----+--------+
         Total |    449 |    449 |      0 |      0 |    290 |   2 |  224.5 |
       Dungeon |    449 |    449 |      0 |      0 |    290 |   2 |  224.5 |
               +--------+--------+--------+--------+--------+-----+--------+

Top non-repeatable levels by time:
     D:5: 325 daAuts
     D:4: 124 daAuts
